[Event "Late Titled Tuesday Blitz February 8 2022"]
[White "Wachinger, Guenther"]
[Black "Li, Hui"]
[WhiteFideId "4604261"]
[BlackFideId "15400310"]
[WhiteElo "2212"]
[BlackElo "1954"]
[Result "1-0"]
[Round "11"]
[TimeControl "180+1"]
[Date "2022.02.09"]
[WhiteClock "0:00:48"]
[BlackClock "0:00:01"]

1. e4 e5 2. Nf3 Nf6 3. Nc3 Nc6 4. a3 Bc5 5. Nxe5 Nxe5 6. d4 Bd6 7. f4 Ng6 8. e5 Be7 9. f5 Nf8 10. Bd3 Ng8 11. O-O d5 12. Bf4 c6 13. Ne2 Bg5 14. Qd2 Bxf4 15. Nxf4 Bd7 16. Rae1 Ne7 17. e6 fxe6 18. Nxe6 Bxe6 19. fxe6 Qb6 20. c3 O-O-O 21. Rf7 Nfg6 22. Rxg7 Rhg8 23. Rxh7 c5 24. Bf1 cxd4 25. cxd4 Kb8 26. Rh3 Qd6 27. Rb3 Nf4 28. g3 Nxe6 29. Bg2 Nc6 30. Rb5 Nexd4 31. Rxd5 Qc7 32. Rxd8+ Rxd8 33. Qe3 Nc2 34. Qe2 Nxe1 35. Qxe1 Qb6+ 36. Qf2 Qxf2+ 37. Kxf2 Rd2+ 38. Kf3 Rxb2 39. h4 Rb3+ 40. Kf4 Rxa3 41. h5 Ra4+ 42. Be4 Ne7 43. h6 Kc7 44. g4 Kd6 45. Kg5 Rxe4 46. h7 Ng6 47. Kxg6 Re8 48. Kg7 Re7+ 49. Kg8 Re8+ 50. Kg7 Re7+ 51. Kh6 Re8 52. g5 Ke6 53. g6 Kf6 54. g7 Re1 55. g8=N+ Kf7 56. h8=N+ 1-0


[Site "https://www.chess.com"]

[Event "Late Titled Tuesday Blitz February 8 2022"]
[White "Wan, Joseph"]
[Black "Zhigalko, Sergei"]
[WhiteFideId "2069890"]
[BlackFideId "13502956"]
[WhiteElo "2149"]
[BlackElo "2662"]
[Result "1/2-1/2"]
[Round "11"]
[TimeControl "180+1"]
[Date "2022.02.08"]
[WhiteClock "0:00:04"]
[BlackClock "0:00:03"]

1. d4 Nf6 2. Bf4 e6 3. e3 b6 4. Nd2 Bb7 5. Ngf3 Nh5 6. Be5 d6 7. Bg3 Nd7 8. Bd3 Be7 9. Qe2 a6 10. c3 c5 11. O-O Nxg3 12. hxg3 O-O 13. Rad1 Qc7 14. e4 Rfd8 15. Rfe1 b5 16. g4 cxd4 17. cxd4 Rac8 18. g5 e5 19. d5 Nc5 20. Bb1 a5 21. Nf1 b4 22. Ng3 Ba6 23. Qe3 g6 24. Nh2 Rd7 25. Ng4 Qd8 26. Nh6+ Kf8 27. f4 exf4 28. Qd4 f6 29. Ne2 Bxe2 30. Rxe2 Rdc7 31. Rf2 Nd7 32. Rxf4 Rc1 33. Kh2 Rxd1 34. Qxd1 Kg7 35. Rf2 Ne5 36. Ng4 Nd7 37. Qd4 Rc1 38. Bd3 h5 39. gxh6+ Kh7 40. Qe3 Rc5 41. Qg3 Qf8 42. Qh3 Ne5 43. Nxe5 dxe5 44. Qd7 Kxh6 45. Rf3 Rc1 46. Rh3+ Kg5 47. Rg3+ Kh6 48. Rh3+ Kg5 49. Rg3+ Kh6 50. Rh3+ 1/2-1/2


[Site "https://www.chess.com"]

[Event "Late Titled Tuesday Blitz February 8 2022"]
[White "Wu, Christopher"]
[Black "Chernomordik, Pavel"]
[WhiteFideId "2040875"]
[BlackFideId "2804530"]
[WhiteElo "2661"]
[BlackElo "2249"]
[Result "1-0"]
[Round "11"]
[TimeControl "180+1"]
[Date "2022.02.08"]
[WhiteClock "0:01:08"]
[BlackClock "0:01:09"]

1. d4 g6 2. c4 Bg7 3. Nc3 d6 4. e4 c6 5. Be3 a6 6. a4 a5 7. h3 Na6 8. Nf3 Nb4 9. Be2 Qc7 10. O-O Nf6 11. Qd2 O-O 12. Bh6 Nd7 13. Rac1 e5 14. Rfd1 Re8 15. Bxg7 Kxg7 16. Qe3 c5 17. Nb5 Qb6 18. dxe5 dxe5 19. Rd6 Qd8 20. Rcd1 Nc2 21. Qg5 f6 22. Qd2 Nd4 23. Nfxd4 exd4 24. Bg4 Ra6 25. Rxa6 bxa6 26. Nd6 Rxe4 27. Nxe4 Ne5 28. Bxc8 Qxc8 29. Qxa5 Nxc4 30. Qxc5 Qxc5 31. Nxc5 Nxb2 32. Rxd4 1-0


[Site "https://www.chess.com"]

[Event "Late Titled Tuesday Blitz February 8 2022"]
[White "Yang, Cayden"]
[Black "Kubatko, Ivan"]
[WhiteFideId "30967260"]
[BlackFideId "24111473"]
[WhiteElo "2600"]
[BlackElo "2285"]
[Result "0-1"]
[Round "11"]
[TimeControl "180+1"]
[Date "2022.02.09"]
[WhiteClock "0:00:01"]
[BlackClock "0:01:42"]

1. e4 d5 2. exd5 Qxd5 3. Nc3 Qa5 4. Nf3 Nf6 5. Bc4 Bg4 6. h3 Bh5 7. d4 Nc6 8. g4 Bg6 9. Bd2 O-O-O 10. Nd5 Qa4 11. b3 Qa3 12. Bc1 Qd6 13. Bf4 Qe6+ 14. Ne3 Qe4 15. Bg3 Nxd4 16. Nxd4 Qxh1+ 17. Ke2 Qxd1+ 18. Rxd1 c5 19. Nb5 Rxd1 20. Kxd1 a6 21. Na7+ Kd8 22. a4 e6 23. c3 Ne4 0-1


[Site "https://www.chess.com"]

[Event "Late Titled Tuesday Blitz February 8 2022"]
[White "Yang, Qindong"]
[Black "Golubenko, Valentina"]
[WhiteFideId "8603758"]
[BlackFideId "4501993"]
[WhiteElo "2101"]
[BlackElo "2164"]
[Result "0-1"]
[Round "11"]
[TimeControl "180+1"]
[Date "2022.02.09"]
[WhiteClock "0:00:18"]
[BlackClock "0:00:09"]

1. d4 g6 2. c4 Bg7 3. Nf3 c5 4. d5 Nf6 5. g3 d6 6. Bg2 e6 7. O-O exd5 8. cxd5 O-O 9. Nc3 a6 10. a4 Nbd7 11. e4 Qc7 12. Bf4 Re8 13. Nd2 Ne5 14. Qe2 Bg4 15. f3 Bd7 16. Rfc1 Rab8 17. a5 b5 18. axb6 Rxb6 19. Bxe5 dxe5 20. Nc4 Rb4 21. Rxa6 Reb8 22. Rca1 h5 23. Qd3 Rb3 24. Ra7 Qd8 25. Qe3 Bb5 26. Nxe5 Rxb2 27. Nxf7 Qf8 28. Ne5 Be8 29. Nc4 R2b4 30. Bf1 Nd7 31. R1a6 Bd4 32. Kg2 Bxe3 33. Nxe3 Ne5 34. d6 Rb2+ 35. Kg1 Bd7 36. f4 Nf3+ 37. Kh1 Rxh2# 0-1


[Site "https://www.chess.com"]

[Event "Late Titled Tuesday Blitz February 8 2022"]
[White "Yoo, Christopher Woojin"]
[Black "Horvath, Dominik"]
[WhiteFideId "30909694"]
[BlackFideId "1642561"]
[WhiteElo "2105"]
[BlackElo "2336"]
[Result "0-1"]
[Round "11"]
[TimeControl "180+1"]
[Date "2022.02.08"]
[WhiteClock "0:00:01"]
[BlackClock "0:00:28"]

1. e4 c5 2. Nf3 Nc6 3. b4 f5 4. exf5 Nxb4 5. Ne5 Nf6 6. Bc4 Qc7 7. Bb2 d5 8. Bb5+ Nc6 9. Qf3 a6 10. Bxc6+ bxc6 11. O-O Rb8 12. Nd3 Rxb2 13. Nxb2 c4 14. Nc3 g6 15. fxg6 hxg6 16. Qg3 Qxg3 17. fxg3 Bg7 18. Rae1 Bf5 19. Ne2 Ne4 20. d4 Bg4 21. Rf4 Bxe2 22. Rxe2 Bxd4+ 23. Kf1 Bxb2 24. Rh4 Rf8+ 25. Rf4 Rh8 26. Rh4 Rxh4 27. gxh4 Bf6 28. g3 Kf7 29. Kg2 Nc3 30. Re1 Nxa2 31. Kf3 Nb4 32. Re2 a5 33. Kg4 a4 34. h5 gxh5+ 35. Kxh5 a3 36. g4 a2 0-1


[Site "https://www.chess.com"]

[Event "Late Titled Tuesday Blitz February 8 2022"]
[White "Yuan, Qingyu"]
[Black "Carbone, Diego"]
[WhiteFideId "8609772"]
[BlackFideId "3002179"]
[WhiteElo "2359"]
[BlackElo "2199"]
[Result "0-1"]
[Round "11"]
[TimeControl "180+1"]
[Date "2022.02.08"]
[WhiteClock "0:00:02"]
[BlackClock "0:01:00"]

1. Nf3 c5 2. g3 Nc6 3. Bg2 g6 4. c4 Bg7 5. Nc3 e6 6. d4 cxd4 7. Nb5 d5 8. cxd5 Qa5+ 9. Nd2 Qxb5 10. a4 Qb6 11. dxc6 bxc6 12. Nc4 Qa6 13. Bd2 Ne7 14. Nd6+ Kf8 15. Rc1 Rb8 16. b4 Bd7 17. O-O h5 18. h4 Nf5 19. Bf4 e5 20. Nxf5 gxf5 21. Bd2 Bf6 22. Rc5 Kg7 23. Re1 e4 24. b5 Qb6 25. Qc1 cxb5 26. axb5 Rhc8 27. Rxc8 Rxc8 28. Qa3 Rc2 29. Bf4 Bxb5 30. Qb3 Rxe2 31. Rb1 d3 32. Be3 Rxe3 33. fxe3 Qxe3+ 34. Kh1 Qxg3 35. Qxb5 Qxh4+ 0-1


[Site "https://www.chess.com"]

[Event "Late Titled Tuesday Blitz February 8 2022"]
[White "Zhou, Qiyu"]
[Black "Kukula, Pawel"]
[WhiteFideId "505161"]
[BlackFideId "1115081"]
[WhiteElo "1925"]
[BlackElo "2203"]
[Result "0-1"]
[Round "11"]
[TimeControl "180+1"]
[Date "2022.02.09"]
[WhiteClock "0:00:16"]
[BlackClock "0:01:31"]

1. e4 Nc6 2. d4 e5 3. d5 Nce7 4. Bc4 Nf6 5. Nc3 Ng6 6. Be3 Bb4 7. f3 d6 8. Qd3 a6 9. Ne2 O-O 10. O-O-O b5 11. Bb3 Bd7 12. g4 a5 13. Nxb5 a4 14. Bc4 a3 15. b3 Qb8 16. Nec3 Ra5 17. h4 Nf4 18. Bxf4 exf4 19. h5 Bxb5 20. Nxb5 Nd7 21. Nc3 Ne5 22. Qd2 Rc5 23. h6 Nxc4 24. Qxf4 Bxc3 25. hxg7 Bxg7 26. Qf5 Re8 27. Qxh7+ Kf8 28. Rh5 Qb4 29. e5 Qc3 0-1


[Site "https://www.chess.com"]

[Event "Late Titled Tuesday Blitz February 8 2022"]
[White "Zierk, Steven"]
[Black "Bortnyk, Olexandr"]
[WhiteFideId "2034255"]
[BlackFideId "14120828"]
[WhiteElo "2494"]
[BlackElo "2723"]
[Result "0-1"]
[Round "11"]
[TimeControl "180+1"]
[Date "2022.02.08"]
[WhiteClock "0:00:04"]
[BlackClock "0:01:16"]

1. e4 Nf6 2. e5 Nd5 3. d4 d6 4. Nf3 dxe5 5. Nxe5 c6 6. c4 Nb4 7. Be3 Bf5 8. Nd3 e5 9. Nxb4 Bxb4+ 10. Nc3 exd4 11. Qxd4 Qxd4 12. Bxd4 O-O 13. O-O-O Nd7 14. g4 Be6 15. f4 Bxg4 16. Rg1 h5 17. h3 c5 18. Bxg7 Bxd1 19. Nd5 Rfe8 20. Nxb4 Bg4 21. Bh6 cxb4 22. hxg4 hxg4 23. Bd3 Nf6 24. Rh1 Re3 25. Bf5 Rh3 26. Rxh3 gxh3 27. Bxh3 Re8 28. Bg2 b6 29. Kd2 Kh7 30. Bg5 Ne4+ 0-1